[Event "Manhem Chess Week-IM 2019"]
[Site "Moelnlycke"]
[Date "2019.08.13"]
[Round "5.8"]
[White "Pham, Bich Ngoc"]
[Black "Ornstein, Axel"]
[Result "1-0"]
[ECO "A03"]
[WhiteElo "2176"]
[BlackElo "2311"]
[Annotator "NA"]
[PlyCount "51"]
[EventDate "2019.08.10"]
[EventType "tourn"]
[EventCountry "SWE"]
[SourceTitle "playchess.com"]
[Source "ChessBase"]
[SourceQuality "1"]
[TimeControl "40/5400+30:1800+30"]

1. f4 d5 2. Nf3 Nf6 3. g3 Bf5 4. Bg2 e6 5. d3 h6 6. O-O Nbd7 7. e3 c6 8. Qe2 Bc5 9. Nc3 Bh7 10. h3 ({White should play} 10. Kh1 $11) 10... Qe7 11. Kh2 Bb4 (11... g5 $5) 12. Bd2 $11 e5 13. fxe5 Nxe5 14. Nxe5 Qxe5 15. Nxd5 Nh5 16. Qf2 Bxd2 17. Qxf7+ Kd8 18. Qxb7 Rb8 19. Qxc6 Rc8 20. Qb7 Nxg3 21. Rf7 Bf5 22. Qe7+ Qxe7 23. Nxe7 Rxc2 24. Kxg3 Bd7 25. Nd5 g5 26. Rf2 1-0